[Event "*** Titled Tuesday Blitz"]
[Site "Chess.com"]
[Date "2020.04.14"]
[Round "9"]
[White "sergoy"]
[Black "Grischuk"]
[Result "1/2-1/2"]
[WhiteElo "2905"]
[BlackElo "3090"]
[TimeControl "180+1"]
[EndTime "11:45:40 PDT"]
[Termination "Game drawn by repetition"]

1. d4 Nf6 2. Nf3 g6 3. c4 Bg7 4.
g3 O-O 5. Bg2 d6 6. O-O Nbd7 7.
Qc2 e5 8. Rd1 Re8 9. Nc3 c6 10.
h3 e4 11. Nh2 Qe7 12. Nf1 a6 13. b3 d5 14. Ne3 Qe6 15. a4 h5 16. cxd5 cxd5 17.
b4 Nf8 18. Qb3 Rd8 19. Rb1 N8h7 20. b5 Qe8 21. a5 Be6 22. bxa6 bxa6 23. Qa4 Bd7 24.
Qa2 Bc6 25. Ba3 Bh6 26. Rb6 Bxe3 27. fxe3 Ng5 28. Rf1 Qe6 29. Kh2 Kg7 30. Qc2 Rdc8 31. Qd2 Ngh7 32. Qe1 Nd7 33. Rb1 Rab8 34. Qf2 Rxb1 35.
Rxb1 Rb8 36. Rxb8 Nxb8 37. Qf4 Nd7 38. Qc7 g5 39. Qc8 Nhf6 40. Qxa6 h4 41. g4 Nb8 42.
Qb6 Qc8 43. Bd6 Nfd7 44. Qb4 Na6 45. Qa3 Qb7 46. Be7 f6 47. Qd6 Qc7 48. Qxc7 Nxc7 49. Bd6 Na6 50. Kg1 Kf7 51. Ba3 Ke6 52. Na2 Bb5 53.
Kf2 Ndb8 54. Nb4 Nxb4 55. Bxb4 Nc6 56. Bc3 Kd7 57. Ke1 Kc7 58. Kf2 Kb7 59. Bb2 Nxa5 60. Ba3 Nc6 61. Bf8 Nb8 62. Be7 Nd7 63. Bd6 Kc6 64. Bb4 Bc4 65. Be7 Kc7 66. Bf1 Kc8 67. Bg2 Kb7 68. Bf1 Kb6 69. Ke1 Kb5 70. Kd2 Kc6 71. Bg2 Ba6 72. Bf1 Bb7 73. Ke1 Kc7 74. Kf2 Bc6 75. Bg2 Ba4 76. Bf1 Bb3 77. Ke1 Kc6 78.
Bg2 Kb5 79. Kd2 Bc4 80. Bf1 Ka5 81. Bg2 Ka4 82. Bf1 Kb3 83. Bg2 Kb2 84. Bf1 Bb3 85. Bg2 Ba4 86. Bf1 Bb3 87. Bg2 Bc2 88. Bf1 Kb1 89.
Bg2 Ba4 90. Bf1 Kb2 91. Bg2 Kb3 92. Bf1 Bb5 93. Bg2 Ba6 94. Bf1 Bc4 95. Bg2 Ka4 96.
Bf1 Kb5 97. Bg2 Kb6 98. Bf1 Kc7 99. Bg2 Bb5 100. Bf1 Kc8 101. Bg2 Kb7 102. Bf1 Bc4 103. Bg2 Ka6 104. Bf1 Kb5 105. Bg2 Ka4 1/2-1/2

[Event "*** Titled Tuesday Blitz"]
[Site "Chess.com"]
[Date "2020.04.14"]
[Round "9"]
[White "machupichu10"]
[Black "Indianlad"]
[Result "0-1"]
[WhiteElo "2806"]
[BlackElo "2973"]
[TimeControl "180+1"]
[EndTime "11:46:10 PDT"]
[Termination "Indianlad won by resignation"]

1. d4 Nf6 2. c4 g6 3. Nf3 Bg7 4. g3 c5 5. d5 b5 6. Bg2 bxc4 7. O-O O-O 8. Nfd2 Ba6 9. Qc2 d6 10. Nxc4 Nbd7 11. Nba3 Nb6 12. Rd1 Nxc4 13. Nxc4 Rb8 14.
Rb1 Nd7 15. b3 Ne5 16. Bd2 Qd7 17. Be1 Bb5 18. Na5 Qf5 19. Qxf5 gxf5 20. Kf1 Rb6 21. Rbc1 Ra6 22. a4 Bd7 23. h3 Rb8 24. f4 Ng6 25. Rd3 e5 26. dxe6 fxe6 27. Rxc5 dxc5 28. Rxd7 Bf8 29.
Nc4 Ne7 30. Bb7 Rc6 31. Rxe7 Bxe7 32. Bxc6 Rxb3 33. Bd7 Kf7 34. Ne5+ Kf6 35. g4 Rxh3 36. g5+ Kg7 37. Bxe6 Rh1+ 38. Kf2 c4 39. Bc3 Bc5+ 40. e3 Rc1 41. Bd4 Bxd4 42. exd4 c3 43. Nd3 Rd1 44.
Ke2 c2 45. Bb3 Rxd3 46. Bxc2 Rxd4 47. Ke3 Rd5 48. Bb3 Ra5 49. Kd4 h6 50. gxh6+ Kxh6 51. Bd1 Kg6 52. Kc4 Kf6 53. Bb3 Ra6 54. Kc5 Rb6 55.
Bd5 Rb1 56. Kc6 a5 57. Kc5 Rb4 58. Bc6 Rxf4 59. Kb5 Ke5 60. Kxa5 Kd6 61. Kb5 Rf1 62. Bg2 Rf2 63. Ba8 f4 64. Kc4 f3 65. Kd3 Rf1 66. Ke3 Ra1 67. Bxf3 Ra3+ 68. Kf4 Rxa4+ 69. Be4 Ke6 70. Ke3 Ke5 71. Bc6 Ra3+ 72. Ke2 Ra6 73. Bb7 Rb6 74. Ba8 Kd4 75. Kf3 Rf6+ 76. Kg4 Rf8 77.
Bb7 Ke5 78. Bc6 Rf6 79. Bb7 Rf4+ 80. Kg3 Kf5 81. Bc8+ Kg5 82. Be6 Rb4 83. Kf3 Kf6 84.
Bd5 Ke5 85. Ba8 Ra4 86. Bb7 Rc4 87. Ba8 Rc3+ 88. Ke2 Kd4 89. Bb7 Re3+ 90. Kf2 Rb3 91. Bc6 Re3 92. Ba8 Kd3 93. Bc6 Kd2 94. Bb5 Re5 95. Bc4 Rf5+ 96. Kg3 Ke3 97. Be6 Rg5+ 98.
Bg4 Rg8 99. Kh3 Kf4 100. Be2 Rg3+ 101. Kh2 Rg5 102. Kh3 Rg1 103. Kh2 Re1 104. Ba6 Re6 105. Bb7 Rg6 106. Kh3 Rg3+ 107. Kh2 Rg5 108. Kh3 Rb5 109. Bc6 Rc5 110. Bb7 Rc2 111. Ba8 Ra2 112. Bb7 Ra3+ 113. Kg2 Re3 114. Bc6 Re2+ 115. Kh3 Rf2 116. Bb7 Ke3 117. Bc6 Rf6 118. Kg4 Rxc6 0-1

[Event "*** Titled Tuesday Blitz"]
[Site "Chess.com"]
[Date "2020.04.14"]
[Round "9"]
[White "vizumatv4hoda"]
[Black "Sam_ChessMood"]
[Result "0-1"]
[WhiteElo "2767"]
[BlackElo "2917"]
[TimeControl "180+1"]
[EndTime "11:48:40 PDT"]
[Termination "Sam_ChessMood won by resignation"]

1. e4 c5 2. c3 Nf6 3. e5 Nd5 4.
d4 cxd4 5. Nf3 Nc6 6. cxd4 d6 7. Bc4 e6 8. O-O Be7 9. Qe2 O-O 10. Nc3 Nxc3 11. bxc3 dxe5 12. dxe5 Qc7 13. Bd3 Rd8 14. Re1 Bd7 15. Ng5 g6 16. Bf4 Be8 17. Rad1 Rd5 18.
h4 Rad8 19. c4 Rd4 20. Be4 Rxd1 21. Rxd1 Rxd1+ 22. Qxd1 Qd7 23. Qxd7 Bxd7 24. Kf1 Na5 25. Ke2 Bc6 26. Bxc6 Nxc6 27. Kd3 Bxg5 28. hxg5 Kf8 29. c5 Ke7 30. Kc4 Kd7 31. a3 Ne7 32. Kb5 Nd5 33.
Bd2 a6+ 34. Kc4 Kc6 35. g4 Ne7 36. a4 Kd7 37. Be3 Nc6 38. Bd4 Ke7 39. Bc3 Kf8 40. Bb2 Kg7 41. Bc3 h6 42. gxh6+ Kxh6 43. f4 Kg7 44. f5 gxf5 45. gxf5 Kh6 46. fxe6 fxe6 47. Kd3 Kg6 48. Ke4 Kg5 49. Be1 Kg4 50. Bf2 Nb8 51.
Be1 Nd7 52. Bf2 Nb8 53. Be1 Nc6 54. Bf2 Kg5 55. Be3+ Kg6 56. Bf2 Kf7 57. Be3 Ke7 58. Bf2 Kd7 59. Bd4 Nb4 60. Be3 Kc6 61. Bf2 Nd5 62. Kd4 Ne7 63. Kc4 Nf5 64. Be1 Ne3+ 65.
Kd3 Ng4 66. Kd4 Nh6 67. Kc4 Nf7 68. Bg3 Kd7 69. Bf4 Nh8 70. Bg5 Ng6 71. Bf6 Kc6 72. Kd4 Nf4 73. Be7 Nd5 74. Bd6 Nb4 75.
Kc4 Nc2 76. Kd3 Ne1+ 77. Ke2 Ng2 78. Kf3 Nh4+ 79. Ke4 Nf5 80. Bf8 Kd7 81. Bd6 Nh6 82. Bf8 Nf7 83. Bd6 Nd8 84. Kd4 Nc6+ 85. Kc4 Ke8 86.
Kd3 Kf7 87. Ke4 Kg6 88. Kf4 Nb4 89. Kg4 Nd3 90. a5 Nb2 91. Kf4 Nd3+ 92. Ke4 Nb4 93. Kf4 Nc6 94. Bc7 Kh5 95. Ke4 Kg4 96. Bb6 Kg5 97. Bc7 Kg6 98. Bb6 Kf7 99. Bc7 Ke7 100. Bd6+ Kd7 101. Kd3 Nxa5 102. Kd4 Nc6+ 103. Kc4 Nd8 104. Kd4 Kc6 105. Be7 Nf7 106. Bh4 Nh6 107. Kc4 Nf5 108. Bf2 Ne7 109. Bg1 Kd7 110. Bd4 Nc6 111. Bb2 Ke7 112. Kd3 Kf7 113. Ke4 Kg6 114. Kf4 Kh5 115. Bc3 a5 116.
Bb2 a4 117. Ke4 Kg4 118. Kd3 Kf5 119. Kc4 Nxe5+ 120. Kb5 Nd3 121. Ba3 Ke4 122. Kb6 Kd4 123. Kb5 e5 124. Kxa4 Nxc5+ 125. Kb4 Nd7 126. Bb2+ Kd5 127. Kc3 e4 128. Ba3 Ne5 129. Bc1 Nc4 130. Bh6 Nd6 131. Bg7 Nf5 132. Bf6 Nd6 133. Bg5 Nc4 134. Kb4 Nd6 135. Be3 Kc6 136. Kc3 Kd5 137. Bf2 Nf5 138. Kb4 Nd4 139. Kc3 Nf3 140. Kb4 Ne5 141. Kb5 Nc4 142. Bg1 Nd6+ 143. Kb6 Kc4 144. Kc7 Nf5 145. Kxb7 Kd3 146. Kc6 Nd4+ 147. Kd5 Nf3 148. Bf2 Nd2 149. Ke5 Nb1 150. Kf4 Nc3 151. Ba7 Nd5+ 152. Kg3 Ne3 153. Kf2 Nc4 154. Bc5 Ne5 155. Ba7 Nf3 156. Kg3 Ng5 157. Kf4 Ne6+ 158. Ke5 Nc7 159. Kf4 Nb5 160. Bb6 Nd4 161. Kg3 e3 162. Bc5 e2 163. Kf2 Nc2 164. Bb4 Nxb4 165. Ke1 Nc2+ 166. Kf2 0-1